 Dungeon Crawl Stone Soup version 0.28.0 (webtiles) character file.

Game seed: 13086338530337610470

6510 BALLS the Carver (level 11, -8/58 HPs)
             Began as a Vine Stalker Fighter on Aug 23, 2022.
             Was an Elder of Okawaru.
             Shot with an arrow by a centaur warrior (13 damage)
             ... on level 8 of the Dungeon.
             The game lasted 00:16:12 (8234 turns).

BALLS the Carver (Vine Stalker Fighter)             Turns: 8234, Time: 00:16:12

Health: -8/58      AC:  9    Str: 28    XL:     11   Next: 0%
Magic:  0/17       EV:  9    Int:  8    God:    Okawaru [****..]
Gold:   497        SH:  5    Dex: 15    Spells: 10/10 levels left

rFire   . . .      SeeInvis .   a - +0 long sword
rCold   . . .      Faith    .   c - +0 buckler
rNeg    . . .      Spirit   +   b - +0 scale mail
rPois   +          Reflect  .   (no helmet)
rElec   .          Harm     .   i - +0 cloak
rCorr   .          Rampage  .   g - +0 pair of gloves {Stlth+}
Will    +....                   (no boots)
Stlth   +.........              (no amulet)
HPRegen 0.99/turn               k - ring of poison resistance
MPRegen 0.15/turn               x - +6 ring of strength

@: no status effects
A: fangs 3, regeneration 1, magic shield, antimagic bite, no potion heal 2
a: Renounce Religion, Heroism, Finesse


You were on level 8 of the Dungeon.
You worshipped Okawaru.
Okawaru was greatly pleased with you.
You visited 2 branches of the dungeon, and saw 10 of its levels.

You collected 497 gold pieces.

Inventory:

Hand Weapons
 a - a +0 long sword (weapon)
 G - a +0 scimitar
Missiles
 E - 3 boomerangs of dispersal (quivered)
Armour
 b - a +0 scale mail (worn)
 c - a +0 buckler (worn)
 g - a +0 pair of gloves of stealth (worn)
 i - a +0 cloak (worn)
 q - the +1 ring mail "Nimeqy" {rElec}
   (You found it on level 3 of the Dungeon)

   rElec:     It insulates you from electricity.
Jewellery
 k - a ring of poison resistance (left hand)
 x - a +6 ring of strength (right hand)
 D - a ring of resist corrosion
Wands
 d - a wand of iceblast (5)
 t - a wand of polymorph (9)
Scrolls
 f - a scroll of brand weapon
 j - 2 scrolls of immolation
 l - 2 scrolls of fog {unknown}
 m - 3 scrolls of amnesia
 s - a scroll of noise {unknown}
 v - a scroll of torment {unknown}
 w - a scroll of silence {unknown}
 y - 2 scrolls of vulnerability {unknown}
 z - a scroll of holy word {unknown}
 A - 2 scrolls of blinking {unknown}
 F - a scroll of fear
Potions
 e - a potion of berserk rage {unknown}
 h - 2 potions of flight {unknown}
 n - a potion of ambrosia {unknown}
 o - 2 potions of resistance {unknown}
 p - 2 potions of brilliance {unknown}
 r - 3 potions of heal wounds {unknown}
 u - 5 potions of curing {unknown}
 B - a potion of haste {unknown}
 C - a potion of degeneration {unknown}


   Skills:
 - Level 7.0 Fighting
 + Level 10.3 Long Blades
 - Level 5.0 Armour
 - Level 5.0 Shields
 - Level 7.0 Invocations


You had 10 spell levels left.
You didn't know any spells.
Your spell library contained the following spells:

 Spells                   Type           Power      Damage    Failure   Level
 Beastly Appendage        Tmut           0%         N/A       75%         1
 Magic Dart               Conj           0%         1d3       75%         1
 Pain                     Necr           0%         1d4       75%         1
 Searing Ray              Conj           0%         2d4       87%         2
 Static Discharge         Conj/Air       0%         N/A       87%         2
 Wereblood                Tmut           0%         N/A       87%         2
 Dazzling Flash           Conj/Hex       0%         N/A       98%         3
 Ignite Poison            Fire/Tmut/Pois 0%         N/A       98%         3
 Mephitic Cloud           Conj/Pois/Air  0%         N/A       98%         3
 Ozocubu's Armour         Ice            0%         N/A       98%         3
 Spider Form              Tmut/Pois      0%         N/A       98%         3
 Vampiric Draining        Necr           0%         2d6       98%         3
 Fulminant Prism          Conj/Hex       0%         3d6       100%        4
 Iskenderun's Mystic Bla  Conj/Tloc      0%         2d3       100%        4
 Agony                    Necr           0%         N/A       100%        5
 Fireball                 Conj/Fire      0%         3d3       100%        5
 Freezing Cloud           Conj/Ice/Air   0%         6-21      100%        5
 Iskenderun's Battlesphe  Conj           0%         2d6       100%        5
 Lightning Bolt           Conj/Air       0%         1d11      100%        5
 Metabolic Englaciation   Hex/Ice        0%         N/A       100%        5
 Silence                  Hex/Air        0%         N/A       100%        5
 Conjure Ball Lightning   Conj/Air       0%         3x3d6     100%        6
 Iron Shot                Conj/Erth      0%         9d1       100%        6
 Starburst                Conj/Fire      0%         6d3       100%        6
 Orb of Destruction       Conj           0%         9d5       100%        7
 Maxwell's Capacitive Co  Air            0%         ∞         100%        8
 Animate Skeleton         Necr           Unusable   N/A       N/A         1
 Summon Guardian Golem    Hex/Summ       Unusable   N/A       N/A         3
 Simulacrum               Ice/Necr       Unusable   N/A       N/A         6
 Spellforged Servitor     Conj/Summ      Unusable   N/A       N/A         7

Dungeon Overview and Level Annotations

Branches:
Dungeon (9/15)             Temple (1/1) D:6
   Lair: D:8-11         Orc: D:9-12

Altars:
Ashenzari
Cheibriados
Dithmenos
Fedhas
Gozag
Hepliaklqana
Kikubaaqudgha
Makhleb
Nemelex Xobeh
Okawaru
Qazlal
Sif Muna
Trog
Uskayaw
Vehumet
Wu Jian
Xom
Yredelemnul
Zin
The Shining One

Shops:
D:3 *   D:4 [![[

Annotations:
D:8 2 transporters, jagoly's ghost, journeyman GnAM
D:9 1 transporter


Innate Abilities, Weirdness & Mutations

You have razor-sharp teeth.
Your natural rate of healing is unusually fast.
When hurt, damage is shared between your health and your magic reserves.
Your bite disrupts and absorbs the magic of your enemies.
Potions cannot restore your health.


Message History

Something hits you! Something bites you!
Something draws strength from your injuries!
You miss something. Something hits you. Something bites you.
Something draws strength from your injuries!
You closely miss something. Something hits you! Something bites you!
Something draws strength from your injuries!
You slash something! Your bite misses something. Something hits you.
* * * LOW HITPOINT WARNING * * *
Something bites you!
* * * LOW HITPOINT WARNING * * *
Something draws strength from your injuries!
You hear some strange, mumbled words.
You are confused.
A vampire appears from thin air!
Reactivating autopickup.
You bump into the rock wall.
You are too confused!
You feel less confused.
You hit the vampire but do no damage. You bite the vampire!
The vampire's magic leaks into the air.
You drain its magic.
You feel invigorated.
The vampire is severely damaged.
The vampire falters for a moment.
You hit the vampire but do no damage. You bite the vampire, but do no damage.
The vampire is severely damaged.
The vampire closely misses you.
The vampire bites you but does no damage.
You slash the vampire!
You destroy the vampire!
Okawaru accepts your kill.
You have reached level 11!
You start resting.
A centaur warrior is nearby!
The centaur warrior shouts!
The centaur warrior shoots an arrow.
The arrow hits you!!
* * * LOW HITPOINT WARNING * * *
The centaur warrior shoots an arrow.
The arrow hits you!!
* * * LOW HITPOINT WARNING * * *
The centaur warrior shoots an arrow.
The arrow hits you!
You die...

### #.#### #####
#....###...####### ####
#.##..@....#..≈#≈###...
#.##.###≈≈.#..≈#≈≈##.## #.##.#
#...#≈.≈#.≈##.#
#######.##.###≈♣...≈≈≈.≈##.##
#.......##.##.≈≈.≈≈#≈≈.≈#....
#.......#......≈......≈......
##.......#.###.♣≈≈≈.c≈.♣≈.....
#...............<.≈≈≈.♣.≈+....
#......[##.....♣).≈..♣≈.≈#....


You could see a centaur warrior.

Vanquished Creatures
  A two-headed ogre (D:9)
  A deep elf pyromancer (D:8)
  A cyclops (D:8)
  Maurice (D:8)
  Grinder (D:3)
  A vampire (D:8)
  A basilisk (D:8)
  A steam dragon (D:7)
  A vampire mosquito (D:8)
  2 water moccasins
  Pargi (D:4)
  Duvessa (D:6)
  3 black bears
  5 orc warriors
  3 ice beasts
  A necrophage (D:6)
  2 ogres
  4 centaurs
  2 phantoms
  A kobold brigand (D:7)
  5 bullfrogs
  4 scorpions
  Dowan (D:6)
  3 howler monkeys (D:8)
  An electric eel (D:8)
  A crimson imp (D:6)
  A hound (D:6)
  2 jellies
  A bullfrog zombie (D:5)
  A gnoll shaman (D:4)
  9 orc priests
  3 centaur skeletons
  Jessica (D:3)
  Ijyb (D:3)
  4 iguanas
  5 orc wizards
  8 gnolls
  3 adders
  A howler monkey skeleton (D:6)
  2 shadow imps
  A white imp (D:6)
  An ufetubus (D:7)
  An adder zombie (D:5)
  An adder skeleton (D:4)
  A worm (D:4)
  4 dart slugs
  29 orcs
  3 bats
  8 endoplasms
  7 giant cockroaches
  10 hobgoblins
  2 jackals (D:1)
  13 kobolds
  5 quokkas
  11 ball pythons
  4 frilled lizards
  4 goblins
  8 rats
204 creatures vanquished.

Vanquished Creatures (others)
  A hound (D:7)
1 creature vanquished.

Grand Total: 205 creatures vanquished

Notes
Turn   | Place    | Note
-------+----------+-------------------------------------------
     0 | D:1      | BALLS the Vine Stalker Fighter began the quest for the Orb.
     0 | D:1      | Reached XP level 1. HP: 11/11 MP: 2/2
     8 | D:1      | Reached skill level 2 in Long Blades
    81 | D:1      | Reached XP level 2. HP: 16/16 MP: 3/3
   324 | D:1      | Reached skill level 3 in Long Blades
   415 | D:1      | Reached XP level 3. HP: 19/19 MP: 4/4
  1248 | D:2      | Gained mutation: Your natural rate of healing is unusually
                  | fast. [Vine Stalker growth]
  1248 | D:2      | Reached XP level 4. HP: 5/23 MP: 5/5
  1554 | D:2      | Reached skill level 4 in Long Blades
  2113 | D:3      | Noticed Jessica
  2126 | D:3      | Killed Jessica
  2150 | D:3      | Found Vugefexki's General Store.
  2178 | D:3      | Found a radiant altar of Vehumet.
  2327 | D:3      | Reached XP level 5. HP: 27/27 MP: 6/6
  2366 | D:3      | Identified the +1 ring mail "Nimeqy" {rElec}
  2417 | D:3      | Found a faded altar of an unknown god.
  2461 | D:3      | Noticed Grinder
  2461 | D:3      | Paralysed by Grinder for 2 turns
  2477 | D:3      | Killed Grinder
  2478 | D:3      | Reached skill level 6 in Long Blades
  2478 | D:3      | Reached XP level 6. HP: 27/32 MP: 4/7
  2513 | D:3      | Found a basalt altar of Yredelemnul.
  2542 | D:3      | Noticed Ijyb
  2548 | D:3      | Killed Ijyb
  2664 | D:3      | Found a faded altar of an unknown god.
  2676 | D:3      | Found an opulent altar of Gozag.
  2937 | D:4      | Reached XP level 7. HP: 17/35 MP: 6/8
  2990 | D:4      | Reached skill level 7 in Long Blades
  3146 | D:4      | Found Fautuog's Antique Armour Emporium.
  3150 | D:4      | Found Saeher's Armour Emporium.
  3157 | D:4      | Found Juycusya's Antique Armour Emporium.
  3157 | D:4      | Found Ovuuboh's Distillery.
  3315 | D:4      | Noticed Pargi
  3328 | D:4      | Killed Pargi
  3504 | D:4      | Reached skill level 5 in Fighting
  3504 | D:4      | Gained mutation: You have razor-sharp teeth. [Vine Stalker
                  | growth]
  3504 | D:4      | Reached XP level 8. HP: 38/43 MP: 7/9
  3774 | D:5      | Entered Level 5 of the Dungeon
  3973 | D:5      | Found a hazy altar of Hepliaklqana.
  3976 | D:5      | Found a sparkling altar of Nemelex Xobeh.
  3979 | D:5      | Found a stormy altar of Qazlal.
  3982 | D:5      | Found an iron altar of Okawaru.
  4015 | D:5      | Became a worshipper of Warmaster Okawaru
  4046 | D:5      | Reached skill level 1 in Invocations
  4065 | D:5      | Found a shimmering blue altar of Sif Muna.
  4454 | D:6      | Reached * piety under Okawaru
  4455 | D:6      | Reached skill level 5 in Invocations
  4455 | D:6      | Reached XP level 9. HP: 47/47 MP: 13/13
  4577 | D:6      | Found a burning altar of Makhleb.
  4577 | D:6      | Found a shimmering altar of Xom.
  4909 | D:6      | Found a staircase to the Ecumenical Temple.
  4915 | Temple   | Entered the Ecumenical Temple
  5070 | D:6      | Noticed Duvessa
  5070 | D:6      | Noticed Dowan
  5076 | D:6      | Killed Duvessa
  5081 | D:6      | Killed Dowan
  5142 | D:6      | Found an ornate altar of the Wu Jian Council.
  5505 | D:7      | Reached ** piety under Okawaru
  5574 | D:7      | Reached skill level 5 in Armour
  5719 | D:7      | Reached skill level 5 in Shields
  5943 | D:7      | Reached XP level 10. HP: 43/51 MP: 12/16
  6837 | D:8      | Reached skill level 8 in Long Blades
  6927 | D:8      | Found a transporter.
  6965 | D:8      | Reached *** piety under Okawaru
  7062 | D:8      | Noticed jagoly's ghost (journeyman GnAM)
  7072 | D:8      | Found a transporter.
  7125 | D:8      | Noticed Maurice
  7143 | D:8      | Killed Maurice
  7634 | D:8      | Noticed a centaur warrior
  7635 | D:8      | Noticed a boulder beetle
  7635 | D:8      | Noticed a death knight
  7635 | D:8      | Noticed a two-headed ogre
  7818 | D:8      | Noticed a cyclops
  7825 | D:8      | Killed a cyclops
  7826 | D:8      | Reached skill level 9 in Long Blades
  7919 | D:9      | Noticed a two-headed ogre
  7931 | D:9      | Killed a two-headed ogre
  7931 | D:9      | Reached **** piety under Okawaru
  7931 | D:9      | Received a gift from Okawaru
  7983 | D:9      | Found a transporter.
  8092 | D:8      | Noticed a deep elf pyromancer
  8104 | D:8      | Killed a deep elf pyromancer
  8105 | D:8      | Reached skill level 10 in Long Blades
  8230 | D:8      | Reached XP level 11. HP: 24/58 MP: 17/17
  8234 | D:8      | Shot with an arrow by a centaur warrior

Illustrated notes

Levels and vault maps discovered:
D:1:      dpeg_arrival_prison, layout_basic, fountainhead
D:2:      layout_basic, serial_rivers, chequers_serial_rivers_room_a,
          chequers_serial_rivers_large_b, chequers_serial_rivers_room_a,
          chequers_serial_rivers_room_b
D:3:      layout_loops_cross, nicolae_overflow_ecumenical_swirl,
          overflow_temple_1_default, nicolae_vehumet_altar_sigil, serial_shops,
          shop, shapermc_ecumenical_altar_hornbeckon, minmay_misc_feat_tower,
          uniq_jessica, uniq_grinder, uniq_ijyb
D:4:      layout_loops_ring, minmay_shop_grid_forest, uniq_pargi
D:5:      layout_basic, nicolae_sif_muna_condensation,
          grunt_temple_overflow_cloverleaf
D:6:      layout_basic, grunt_temple_overflow_champion_of_chaos,
          nzn_wu_jian_council_hall, minmay_temple_entry_arrows,
          columned_hall_lemuel, uniq_duvessa
D:7:      layout_layer_cave
D:8:      layout_basic, gammafunk_ghost_arena, minmay_door_square,
          chequers_serial_rivers_marsh, minivault_4, minmay_evil_grid,
          uniq_maurice
D:9:      layout_loops_corners, serial_nicolae_subway,
          nicolae_sub_station_stone, nicolae_sub_station_crystal,
          nicolae_sub_station_metal
Temple:   compressed_dpeg_triangle_lava_temple

Skill      XL: |  1  2  3  4  5  6  7  8  9 10 |
---------------+-------------------------------+-----
Long Blades    | 2 3 4 6 7 10 | 10.3
Fighting       | 5 7 |  7.0
Shields        | 3 5 |  5.0
Armour         | 3 5 |  5.0
Invocations    | 5 7 |  7.0

Action                   |  1- 3 |  4- 6 |  7- 9 | 10-12 || total
-------------------------+-------+-------+-------+-------++-------
Melee: Long sword        |    83 |   110 |   310 |   155 ||   658
       Bite              |    10 |    33 |    93 |    51 ||   187
Invok: Heroism           |       |       |     1 |     6 ||     7
  Use: Potion            |       |     1 |       |       ||     1
       Scroll            |       |       |     5 |       ||     5
 Stab: Sleeping          |       |       |       |     2 ||     2
Armor: Scale mail        |    32 |    49 |   116 |    49 ||   246
       Ring mail         |       |       |       |     2 ||     2
Dodge: Dodged            |    34 |    52 |   116 |    65 ||   267
Block: Buckler           |    20 |    20 |    78 |    51 ||   169
